 Dungeon Crawl Stone Soup version 0.16.1-28-gcc2312f (webtiles) character file.

6909 Cryogen the Cleaver (level 11, 0/97 HPs)
             Began as a Hill Orc Fighter on May 29, 2015.
             Was a Priest of Trog.
             Slain by a 14-headed hydra (5 damage)
             ... on level 1 of the Lair of Beasts.
             The game lasted 00:42:42 (7484 turns).

Cryogen the Cleaver (Hill Orc Fighter)              Turns: 7484, Time: 00:42:42

Health: 0/97       AC: 18    Str: 20    XL:     11   Next: 7%
Magic:  11/11      EV: 13    Int:  8    God:    Trog [***...]
Gold:   533        SH:  0    Dex: 13    Spells: 0 memorised, 10 levels left

rFire  + . .     SeeInvis .     w - +0 battleaxe
rCold  . . .     Clarity  .     G - +0 plate armour
rNeg   + . .     SustAb   .     (no shield)
rPois  .         Gourm    .     y - +0 helmet
rElec  +         Spirit   .     F - +0 cloak of Starlight {rElec rC+ EV+4 Stlth-}
rCorr  .         Warding  +     (no gloves)
rMut   .         Stasis   .     J - +0 pair of boots
MR     .....                    v - amulet of warding
Stlth  ..........               a - ring of protection from magic
                                l - ring of fire

@: lethally poisoned (0 -> -2), exhausted, vulnerable, marked, slowed, very
slow, not resistant to hostile enchantments, extremely unstealthy
A: no striking features
a: Burn Spellbooks, Berserk, Trog's Hand, Renounce Religion


You were on level 1 of the Lair of Beasts.
You worshipped Trog.
Trog was most pleased with you.
You were not hungry.

You visited 3 branches of the dungeon, and saw 10 of its levels.

You collected 533 gold pieces.

Inventory:

Hand weapons
 w - a +0 battleaxe (weapon)
Armour
 y - a +0 helmet (worn)
 F - the +0 cloak of Starlight (worn) {rElec rC+ EV+4 Stlth-}
   (You found it on level 5 of the Dungeon)

   It affects your evasion (+4).
   It protects you from cold.
   It insulates you from electricity.
   It makes you less stealthy.
 G - a +0 plate armour (worn)
 J - a +0 pair of boots (worn)
Jewellery
 a - a ring of protection from magic (right hand)
 e - an uncursed ring of ice
 l - a ring of fire (left hand)
 v - an amulet of warding (around neck)
Magical devices
 d - a wand of digging (15)
Scrolls
 g - 10 scrolls of identify
 h - 3 scrolls of recharging
 j - a scroll of vulnerability
 n - 3 scrolls of teleportation {unknown}
 o - a scroll of remove curse
 r - 3 scrolls of fog {unknown}
 s - 3 scrolls of random uselessness {unknown}
 u - a scroll of enchant weapon {unknown}
 x - 3 scrolls of immolation {unknown}
 z - 2 scrolls of blinking {unknown}
 A - a scroll of noise {unknown}
 B - 2 scrolls of magic mapping {unknown}
Potions
 b - 3 potions of poison {unknown}
 c - a potion of berserk rage {unknown}
 f - 2 potions of mutation {unknown}
 i - a potion of restore abilities {unknown}
 k - 3 potions of brilliance {unknown}
 m - 3 potions of heal wounds
 q - 2 potions of haste
 t - a potion of resistance {unknown}
 C - 2 potions of agility {unknown}
 H - 4 potions of curing {unknown}
 I - 2 potions of cure mutation {unknown}
Books
 D - a book of Hinderance

   Spells                             Type                      Level
   a - Confusing Touch                Hexes                        2
   b - Confuse                        Hexes                        3
   c - Petrify                        Transmutation/Earth          4
   d - Metabolic Englaciation         Hexes/Ice                    5
   e - Gell's Gravitas                Hexes/Translocation          5
   f - Summon Mana Viper              Hexes/Summoning              5
   Trog disapproves of the use of such an item.
Comestibles
 p - a beef jerky
 E - a royal jelly


   Skills:
 + Level 9.4 Fighting
 * Level 13.2 Axes
 + Level 9.2 Armour
 + Level 6.2 Dodging
   Level 3.2 Shields


You had 10 spell levels left.
You didn't know any spells.

Dungeon Overview and Level Annotations

Branches:
Dungeon (8/15)             Temple (1/1) D:4            Lair (1/8) D:8

Altars:
Ashenzari
Cheibriados
Dithmenos
Elyvilon
Fedhas
Gozag
Kikubaaqudgha
Makhleb
Nemelex Xobeh
Okawaru
Qazlal
Ru
Sif Muna
Trog
Vehumet
Xom
Yredelemnul


Message History

The 14-headed hydra misses you. x2
The 14-headed hydra bites you.
* * * LOW HITPOINT WARNING * * *
The 14-headed hydra completely misses you.
The 14-headed hydra bites you.
* * * LOW HITPOINT WARNING * * *
The 14-headed hydra bites you!
* * * LOW HITPOINT WARNING * * *
The 14-headed hydra bites you.
* * * LOW HITPOINT WARNING * * *
The 14-headed hydra bites you.
* * * LOW HITPOINT WARNING * * *
The 14-headed hydra bites you but does no damage. x2
The 14-headed hydra completely misses you.
The 14-headed hydra barely misses you.
As you read the scroll labeled BROMULEIRE, it crumbles to dust.
Magic quickly surges around you.
It was a scroll of vulnerability.
You feel sick. The water moccasin closely misses you.
The 14-headed hydra bites you.
You die...

.......... #........#
#######........#
...............#
...............#
...............##### ###
...................###.#######.
..............†.................
..†.............@St..H..........
.................D....F.........
...............................
...............................
...............................
######P.#P####.######.########
###### ### ###


You could see a 14-headed hydra, a hippogriff, a spiny frog, a water moccasin
and a crocodile.

Vanquished Creatures
  Pikel (D:5)
  An elephant (D:8)
  5 blink frogs (Lair:1)
  A hungry ghost (D:8)
  5 yaks (Lair:1)
  A hippogriff (D:7)
  A water moccasin (Lair:1)
  An orc warrior (D:6)
  The ghost of DRC the Covert, an average SpAs (D:4)
  4 ice beasts
  2 sky beasts
  A black bear (D:8)
  2 porcupines (Lair:1)
  2 necrophages
  3 centaurs
  3 ogres
  2 crocodiles
  A big kobold (D:8)
  9 giant frogs
  7 killer bees
  A wyvern skeleton (D:8)
  A scorpion (D:4)
  A jelly (D:8)
  3 goliath beetles
  A quasit (D:3)
  4 crimson imps
  4 hounds
  A giant frog zombie (D:8)
  A centaur skeleton (D:7)
  4 orc priests
  3 iguanas
  4 orc wizards
  A giant frog skeleton (D:6)
  6 worker ants
  A sheep (D:8)
  3 gnolls (D:5)
  9 adders
  A giant mite (D:5)
  A shadow imp (D:7)
  A worm (D:6)
  An adder skeleton (D:6)
  5 giant geckos
  An ooze (D:5)
  18 orcs
  10 bats
  A bat skeleton (D:8)
  A bat zombie (D:5)
  A giant cockroach (D:2)
  10 hobgoblins
  10 jackals
  14 kobolds
  3 quokkas
  A giant gecko zombie (D:6)
  2 giant newts
  7 goblins
  7 rats
196 creatures vanquished.

Vanquished Creatures (others)
  An adder (D:5)
  A shadow imp (D:5)
  3 orcs (D:5)
  A hobgoblin (D:5)
  4 jackals (D:5)
  A bat (D:5)
  A rat (D:5)
12 creatures vanquished.

Grand Total: 208 creatures vanquished

Notes
Turn   | Place    | Note
--------------------------------------------------------------
     0 | D:1      | Cryogen, the Hill Orc Fighter, began the quest for the Orb.
     0 | D:1      | Reached XP level 1. HP: 19/19 MP: 1/1
   242 | D:1      | Found a shattered altar of Ashenzari.
   248 | D:1      | Reached XP level 2. HP: 25/27 MP: 2/2
  1076 | D:2      | Found a radiant altar of Vehumet.
  1165 | D:2      | Reached skill level 4 in Fighting
  1299 | D:2      | Reached XP level 3. HP: 31/33 MP: 3/3
  1388 | D:2      | Found an ancient bone altar of Kikubaaqudgha.
  1388 | D:2      | Found a snail-covered altar of Cheibriados.
  1467 | D:2      | Found a blossoming altar of Fedhas.
  1621 | D:3      | Reached XP level 4. HP: 31/40 MP: 4/4
  1649 | D:3      | Reached skill level 1 in Dodging
  1777 | D:3      | Reached XP level 5. HP: 41/47 MP: 5/5
  2223 | D:4      | Reached skill level 5 in Axes
  2223 | D:4      | Reached XP level 6. HP: 49/55 MP: 6/6
  2233 | D:4      | Noticed DRC's ghost (average SpAs)
  2248 | D:4      | Killed DRC's ghost
  2248 | D:4      | Reached skill level 5 in Fighting
  2342 | D:4      | Noticed an ogre
  2355 | D:4      | Killed an ogre
  2355 | D:4      | Reached skill level 6 in Axes
  2355 | D:4      | Reached skill level 5 in Armour
  2355 | D:4      | Reached XP level 7. HP: 20/61 MP: 7/7
  2745 | D:4      | Found a staircase to the Ecumenical Temple.
  2755 | Temple   | Entered the Ecumenical Temple
  2898 | Temple   | Became a worshipper of Trog the Wrathful
  3018 | D:4      | Reached skill level 7 in Axes
  3160 | D:5      | Entered Level 5 of the Dungeon
  3516 | D:5      | Noticed Pikel
  3559 | D:5      | Killed Pikel
  3559 | D:5      | Reached skill level 8 in Axes
  3559 | D:5      | Reached XP level 8. HP: 52/71 MP: 8/8
  3959 | D:5      | Reached skill level 9 in Axes
  4177 | D:6      | Acquired Trog's first power
  4527 | D:6      | Reached XP level 9. HP: 51/79 MP: 9/9
  5173 | D:7      | Reached skill level 10 in Axes
  5280 | D:7      | Found a sparkling altar of Nemelex Xobeh.
  5619 | D:7      | Acquired Trog's second power
  5861 | D:7      | Reached skill level 11 in Axes
  6092 | D:8      | Reached skill level 5 in Dodging
  6115 | D:8      | Reached XP level 10. HP: 88/88 MP: 10/10
  6210 | D:8      | Found a staircase to the Lair.
  6210 | D:8      | Noticed an elephant
  6233 | D:8      | Killed an elephant
  6714 | D:8      | Reached skill level 12 in Axes
  6840 | Lair:1   | Entered Level 1 of the Lair of Beasts
  7127 | Lair:1   | Reached skill level 13 in Axes
  7183 | Lair:1   | Reached XP level 11. HP: 97/97 MP: 11/11
  7461 | Lair:1   | Noticed a five-headed hydra
  7484 | Lair:1   | Slain by a 14-headed hydra

Action                   |  1- 3 |  4- 6 |  7- 9 | 10-12 || total
-------------------------+-------+-------+-------+-------++-------
Melee: War axe           |    87 |   115 |   234 |       ||   436
       Hand axe          |       |       |   242 |     4 ||   246
       Battleaxe         |       |       |       |   205 ||   205
Invok: Burn Spellbooks   |       |       |     2 |       ||     2
       Berserk           |       |       |     2 |     3 ||     5
  Use: Scroll            |     2 |       |       |     1 ||     3
       Potion            |       |       |     3 |       ||     3
  Eat: Meat ration       |     1 |       |     1 |     2 ||     4
       Royal jelly       |       |       |     1 |       ||     1
       Pizza             |       |       |     1 |       ||     1
       Fruit             |       |       |     7 |       ||     7
       Bread ration      |       |       |     1 |       ||     1
